 Dungeon Crawl Stone Soup version 0.31-a0-175-g9f7f995f2b (webtiles) character file.

Game seed: 8121332243454184786

787 qw the Chopper (level 7, -2/44 HPs)
             Began as a Gargoyle Fighter on June 17, 2023.
             Slain by a hornet (4 damage)
             ... on level 7 of the Dungeon.
             The game lasted 00:02:05 (4525 turns).

qw the Chopper (Gargoyle Fighter)                   Turns: 4525, Time: 00:02:05

Health: -2/44      AC: 17    Str: 22    XL:     7   Next: 87%
Magic:  7/7        EV:  6    Int:  8    God:
Gold:   119        SH:  5    Dex: 15    Spells: 6/6 levels left

rFire   . . .        Y - +1 war axe
rCold   . . .        c - +0 buckler
rNeg    + . .        k - +0 plate armour
rPois   inf          (no helmet)
rElec   +            (no cloak)
rCorr   .            (no gloves)
SInv    .            a - +0 pair of boots
Will    .....        (no amulet) Stlth
                     l - +6 ring of dexterity
HPRegen 0.27/turn    (no ring)
MPRegen 0.10/turn

%: no passive effects
@: about to teleport
A: sickness immunity, AC +4, negative energy resistance 1, electricity
resistance, torment resistance 1, petrification resistance
a: no special abilities


You were on level 7 of the Dungeon.
You visited 2 branches of the dungeon, and saw 8 of its levels.

You collected 119 gold pieces.


Innate Abilities, Weirdness & Mutations

You are immune to sickness and miasma.
Your stone body is resilient. (AC +4)
You are immune to poison.
You resist negative energy. (rN+)
You are resistant to electric shocks. (rElec)
You are resistant to unholy torment.
You are immune to petrification.


   Skills:
 - Level 4.4 Fighting
 + Level 6.9 Axes
 - Level 4.1 Armour
 - Level 1.7 Dodging
 - Level 3.2 Shields


You had 6 spell levels left.
You didn't know any spells.
Your spell library was empty.

Inventory:

Hand Weapons
 f - a +0 flail of protection
 Y - a +1 war axe (weapon)
Missiles
 m - 7 boomerangs (quivered)
Armour
 a - a +0 pair of boots (worn)
 c - a +0 buckler (worn)
 k - a +0 plate armour (worn)
Jewellery
 l - a +6 ring of dexterity (left hand)
Scrolls
 g - a scroll of identify
 j - a scroll of teleportation
Potions
 d - a potion of might
 e - a potion of lignification {unknown}
 h - a potion of attraction {unknown}
 i - 4 potions of curing

Dungeon Overview and Level Annotations

Branches:
Dungeon (7/15)             Temple (1/1) D:6

Altars:
Ashenzari
Elyvilon
Gozag
Makhleb
Nemelex Xobeh
Okawaru
Qazlal
Ru
Vehumet
Wu Jian
Xom
Zin
The Shining One

Annotations:
D:7 Joseph


Message History

Something hits you but does no damage. The hornet stings you.
4518 ||| PLANNING OKAWARU WORSHIP You barely miss the hornet.
You hit something.
You feel your willpower return. You block the hornet's attack.
Something hits you but does no damage.
The hornet stings you but does no damage.
Something hits you but does no damage.
You hit the hornet but do no damage. You hit something but do no damage.
The hornet stings you but does no damage.
Something hits you but does no damage.
You slash the hornet!
The hornet is moderately wounded.
You miss something.
The hornet stings you but does no damage.
The hornet stings you! Something hits you. Something shocks you. You resist.
You barely miss the hornet.
The hornet is moderately wounded.
You barely miss something. You block the hornet's attack.
You block something's attack.
Joseph shouts, "I love to fight!
I love killing!"
The hornet stings you!
You closely miss the hornet.
The hornet is moderately wounded.
You closely miss something.
The hornet stings you but does no damage.
Something hits you but does no damage. The hornet stings you.
You slash the hornet!
The hornet is severely wounded.
You slash something! The hornet stings you.
Something hits you but does no damage. x2
The hornet barely misses you.
You hit the hornet.
The hornet is almost dead.
You slash something! The hornet stings you!
Something hits you but does no damage.
4525 ||| READING 2 scrolls of teleportation.
As you read the scroll of teleportation, it crumbles to dust.
You feel strangely unstable. The hornet stings you.
You die...

.......#_ ...##
......(.#
....##
.........
......
.........#..?..
........#....
....###....#
#_#####.{..#
....###@<..#
.....oy..###
.#.#.@#..#
.....##.. .....
.... .....
..... ..#.
...... ....
.....#..


You could see Joseph, a hornet and an orc.

Vanquished Creatures
  A sky beast (D:6)
  2 black bears
  A centaur (D:5)
  A bullfrog (D:4)
  A scorpion (D:4)
  A hound (D:5)
  A jelly (D:3)
  An orc priest (D:5)
  An orc wizard (D:4)
  2 sleepcaps (D:5)
  6 adders
  An ufetubus (D:4)
  2 worms
  4 dart slugs
  8 orcs
  4 bats
  8 endoplasms
  3 giant cockroaches
  8 goblins
  6 hobgoblins
  6 jackals
  A quokka (D:2)
  3 ball pythons
  2 frilled lizards
  7 kobolds
  7 rats
88 creatures vanquished.

Notes
Turn   | Place    | Note
-------+----------+-------------------------------------------
     0 | D:1      | qw the Gargoyle Fighter began the quest for the Orb.
     0 | D:1      | Reached XP level 1. HP: 14/14 MP: 1/1
     0 | D:1      | 0 ||| qw: Version: 0.3-a-2-g5ab2908
     0 | D:1      | 0 ||| qw: Game counter: 361
     0 | D:1      | 0 ||| qw: Always use a shield: true
     0 | D:1      | 0 ||| qw: God list: Okawaru
     0 | D:1      | 0 ||| qw: Allow faded altars: false
     0 | D:1      | 0 ||| qw: Do Orc after D:15 true
     0 | D:1      | 0 ||| qw: Do second Lair branch before Depths: true
     0 | D:1      | 0 ||| qw: Lair rune preference: random
     0 | D:1      | 0 ||| qw: Plans: Normal, Zot:1-4, Slime:5, God:TSO, Crypt,
                  | Tomb, Abyss, Pan, Hells, Win
     0 | D:1      | 0 ||| PLANNING D:1-11
    51 | D:1      | Reached skill level 2 in Axes
   132 | D:1      | Reached XP level 2. HP: 19/19 MP: 2/2
   300 | D:1      | 300 ||| Stepping ~*~*~tactically~*~*~ (stealth).
   611 | D:1      | 611 ||| UPGRADING to +0 chain mail.
   621 | D:1      | 621 ||| DROPPING +0 scale mail.
   622 | D:1      | 622 ||| READING 2 scrolls labelled QUET HUUCKUO.
   623 | D:1      | 623 ||| READING scroll labelled EWAZOST CILOSTUGI.
   624 | D:1      | 624 ||| DROPPING scroll of fog.
   742 | D:2      | Reached skill level 3 in Axes
   788 | D:2      | Reached XP level 3. HP: 22/23 MP: 3/3
   818 | D:2      | Found a faded altar of an unknown god.
   818 | D:2      | Noticed an ice devil
  1071 | D:2      | 1071 ||| Stepping ~*~*~tactically~*~*~ (stealth).
  1074 | D:2      | 1074 ||| Stepping ~*~*~tactically~*~*~ (stealth).
  1075 | D:2      | 1075 ||| Stepping ~*~*~tactically~*~*~ (stealth).
  1126 | D:2      | 1126 ||| Stepping ~*~*~tactically~*~*~ (stealth).
  1149 | D:2      | 1149 ||| DROPPING +0 club.
  1233 | D:2      | 1233 ||| Stepping ~*~*~tactically~*~*~ (stealth).
  1246 | D:2      | 1246 ||| Stepping ~*~*~tactically~*~*~ (stealth).
  1247 | D:2      | 1247 ||| Stepping ~*~*~tactically~*~*~ (stealth).
  1352 | D:2      | 1352 ||| Stepping ~*~*~tactically~*~*~ (hiding).
  1422 | D:2      | 1422 ||| Stepping ~*~*~tactically~*~*~ (stealth).
  1629 | D:2      | 1629 ||| UPGRADING to +0 plate armour.
  1639 | D:2      | 1639 ||| DROPPING +0 chain mail.
  1640 | D:2      | 1640 ||| UPGRADING to +6 ring of dexterity.
  1641 | D:2      | 1641 ||| READING scroll labelled MAJICW PAWO.
  1642 | D:2      | 1642 ||| READING 3 scrolls labelled SASKOO LABEO.
  1646 | D:2      | 1646 ||| DRINKING 2 green potions.
  1647 | D:2      | 1647 ||| DRINKING 3 fuming ruby potions.
  1648 | D:2      | 1648 ||| DROPPING potion of degeneration.
  1675 | D:3      | Reached XP level 4. HP: 26/28 MP: 4/4
  1692 | D:3      | 1692 ||| Stepping ~*~*~tactically~*~*~ (stealth).
  1765 | D:3      | Reached skill level 4 in Axes
  1804 | D:3      | 1804 ||| Stepping ~*~*~tactically~*~*~ (stealth).
  1805 | D:3      | 1805 ||| Stepping ~*~*~tactically~*~*~ (stealth).
  2108 | D:3      | 2108 ||| READING 3 scrolls labelled BEIGEI HIYSA XOES.
  2109 | D:3      | 2109 ||| DROPPING 2 scrolls of fear.
  2158 | D:4      | 2158 ||| DROPPING +0 flail.
  2201 | D:4      | Noticed a black bear
  2202 | D:4      | Noticed a bullfrog
  2203 | D:4      | 2203 ||| Stepping ~*~*~tactically~*~*~ (stealth).
  2212 | D:4      | Killed a black bear
  2213 | D:4      | Reached skill level 5 in Axes
  2213 | D:4      | Reached XP level 5. HP: 24/32 MP: 5/5
  2220 | D:4      | HP: 8/32 [bullfrog (4)]
  2221 | D:4      | 2221 ||| READING 2 scrolls of teleportation.
  2224 | D:4      | Reached skill level 1 in Dodging
  2224 | D:4      | Reached XP level 6. HP: 11/37 MP: 6/6
  2447 | D:4      | 2447 ||| DRINKING 4 potions of curing.
  2447 | D:4      | 2447 ||| (to cure confusion)
  2873 | D:4      | 2873 ||| READING scroll labelled MIEDIESUAM.
  2874 | D:4      | 2874 ||| DRINKING 2 bubbling grey potions.
  2875 | D:4      | 2875 ||| DRINKING 4 potions of curing.
  2875 | D:4      | 2875 ||| (to cure confusion)
  2876 | D:4      | 2876 ||| DROPPING potion of ambrosia.
  2896 | D:5      | Entered Level 5 of the Dungeon
  3205 | D:5      | 3205 ||| Stepping ~*~*~tactically~*~*~ (hiding).
  3207 | D:5      | 3207 ||| Stepping ~*~*~tactically~*~*~ (hiding).
  3222 | D:5      | Reached skill level 6 in Axes
  3222 | D:5      | Reached XP level 7. HP: 30/44 MP: 7/7
  3253 | D:5      | 3253 ||| FLEEEEING.
  3254 | D:5      | 3254 ||| FLEEEEING.
  3293 | D:5      | 3293 ||| Stepping ~*~*~tactically~*~*~ (stealth).
  3741 | D:5      | 3741 ||| UPGRADING to +0 pair of boots.
  3746 | D:5      | 3746 ||| READING scroll labelled PICKOATTOE.
  3747 | D:5      | 3747 ||| READING scroll labelled QUUD XYRADDASCH.
  3748 | D:5      | 3748 ||| READING 2 scrolls of identify.
  3748 | D:5      | 3748 ||| IDENTIFYING murky black potion
  3749 | D:5      | 3749 ||| DROPPING potion of brilliance.
  3891 | D:6      | 3891 ||| Stepping ~*~*~tactically~*~*~ (stealth).
  3892 | D:6      | 3892 ||| Stepping ~*~*~tactically~*~*~ (stealth).
  3990 | D:6      | Found a staircase to the Ecumenical Temple.
  3991 | D:6      | 3991 ||| PLANNING TEMPLE
  3995 | D:6      | 3995 ||| Stepping ~*~*~tactically~*~*~ (stealth).
  4029 | Temple   | Entered the Ecumenical Temple
  4189 | Temple   | 4189 ||| PLANNING D:1-11
  4486 | D:6      | 4486 ||| READING 2 scrolls labelled GAIKO TUIF IPATE.
  4487 | D:6      | 4487 ||| DROPPING scroll of vulnerability.
  4513 | D:7      | Noticed a hornet
  4513 | D:7      | Found a broken altar of Ashenzari.
  4516 | D:7      | Noticed Joseph
  4517 | D:7      | 4517 ||| Stepping ~*~*~tactically~*~*~ (stealth).
  4517 | D:7      | Found an iron altar of Okawaru.
  4518 | D:7      | 4518 ||| PLANNING OKAWARU WORSHIP
  4524 | D:7      | HP: 2/44 [hornet (11)]
  4525 | D:7      | 4525 ||| READING 2 scrolls of teleportation.
  4525 | D:7      | Slain by a hornet

Levels and vault maps discovered:
D:1:      roderic_octagonal_star, layout_loops_ring
D:2:      layout_loops_corners, dreamdust_ecumenical_altar_sealed_demon
D:3:      layout_rooms, minmay_misc_feat_square
D:4:      layout_loops_cross
D:5:      layout_gridville, amcnicky_mini_corridor_feature
D:6:      layout_basic, minmay_temple_entry_ruins, interstate_on_off
D:7:      layout_cave_pools, okawaru_metal_pillars_1_2,
          cheibrodos_ashenzari_chains, mainiacjoe_overflow_24_doors,
          jmf_multi_god_temple2, uniq_menkaure, uniq_joseph
Temple:   chequers_temple_sunken

Skill      XL: |  1  2  3  4  5  6  7 |
---------------+----------------------+-----
Axes           | 2 3 5 6 |  6.9
Dodging        | 1 |  1.7
Fighting       | 4 |  4.4
Armour         | 4 |  4.1
Shields        | |  3.2

Action                     |  1- 3 |  4- 6 |  7- 9 || total
---------------------------+-------+-------+-------++-------
  Melee: War axe           |    99 |   154 |    45 ||   298
  Throw: Boomerang         |       |    13 |    18 ||    31
    Use: Scroll            |     4 |     3 |     5 ||    12
         Potion            |     2 |     3 |       ||     5
 Armour: Scale mail        |    15 |       |       ||    15
         Chain mail        |    36 |       |       ||    36
         Plate armour      |     2 |   121 |    49 ||   172
  Dodge: Dodged            |    35 |    37 |    11 ||    83
  Block: Buckler           |    13 |    39 |    12 ||    64

Table legend:
 A = Non-vault XP
 B = Vault XP
 C = Vault XP percentage of total XP
 D = Non-vault monster count
 E = Vault monster count
 F = Vault count percentage of total count
                 A         B        C        D         E       F
            +---------+---------+-------+---------+---------+-------
      Total |    1125 |       0 |   0.0 |      88 |       0 |   0.0
            +---------+---------+-------+---------+---------+-------
        D:1 |      25 |       0 |   0.0 |      14 |       0 |   0.0
        D:2 |      53 |       0 |   0.0 |      20 |       0 |   0.0
        D:3 |      76 |       0 |   0.0 |      16 |       0 |   0.0
        D:4 |     369 |       0 |   0.0 |      19 |       0 |   0.0
        D:5 |     336 |       0 |   0.0 |      16 |       0 |   0.0
        D:6 |     266 |       0 |   0.0 |       3 |       0 |   0.0
            +---------+---------+-------+---------+---------+-------
